 Dungeon Crawl Stone Soup version 0.23-a0-582-g1b4a0ca (webtiles) character file.

36 Azzok the Firebug (level 3, -4/24 HPs)
             Began as a Demonspawn Fire Elementalist on Dec 16, 2018.
             Killed from afar by Sigmund (7 damage)
             ... with a magic dart
             ... on level 2 of the Dungeon.
             The game lasted 00:02:44 (1938 turns).

Azzok the Firebug (Demonspawn Fire Elementalist)    Turns: 1938, Time: 00:02:45

Health: -4/24      AC:  3    Str:  8    XL:     3   Next: 19%
Magic:  6/6        EV: 12    Int: 17    God:
Gold:   69         SH:  0    Dex: 13    Spells: 3/7 levels left

rFire    . . .     SeeInvis .   k - +0 dagger (venom)
rCold    . . .     Gourm    .   (no shield)
rNeg     . . .     Faith    .   a - +0 robe
rPois    .         Spirit   .   (helmet restricted)
rElec    .         Reflect  .   (no cloak)
rCorr    .         Harm     .   (no gloves)
MR       .....                  e - +0 pair of boots
Stlth    ++........             (no amulet)
HPRegen  0.08/turn              (no ring)
MPRegen  0.10/turn              (no ring)

@: no status effects
A: horns 1
a: no special abilities


You were on level 2 of the Dungeon.
You were not hungry.

You visited 1 branch of the dungeon, and saw 2 of its levels.

You collected 69 gold pieces.

Inventory:

Hand Weapons
 k - a +0 dagger of venom (weapon)
Armour
 a - a +0 robe (worn)
 e - a +0 pair of boots (worn)
Scrolls
 b - a scroll of remove curse {unknown}
 f - a scroll of enchant weapon {unknown}
 h - 3 scrolls of teleportation {unknown}
 i - a scroll of identify {unknown}
Potions
 d - a potion of brilliance {unknown}
 g - a potion of heal wounds {unknown}
 l - a potion of curing {unknown}
Comestibles
 c - 5 rations


   Skills:
 - Level 1.7 Dodging
 - Level 1.7 Stealth
 + Level 2.5 Spellcasting
 + Level 2.0 Conjurations
 + Level 3.1 Fire Magic


You had 3 spell levels left.
You knew the following spells:

 Your Spells              Type           Power        Failure   Level  Hunger
a - Flame Tongue          Conj/Fire      ##...        6%          1    #......
b - Conjure Flame         Conj/Fire      ##......     19%         3    ###....

Your spell library contained the following spells:

 Spells                   Type           Power        Failure   Level  Hunger
 Throw Flame              Conj/Fire      ##....       10%         2    ##.....
 Inner Flame              Hex/Fire       #.......     28%         3    ###....
 Sticky Flame             Conj/Fire      ##......     54%         4    #####..
 Fireball                 Conj/Fire      ##........   87%         5    ######.


Dungeon Overview and Level Annotations

Branches:
Dungeon (2/15)

Altars:

Annotations:
D:2 Sigmund


Innate Abilities, Weirdness & Mutations

You have a pair of small horns on your head.


Message History

Sigmund casts a spell at you.
You are confused.
You bump into the rock wall.
You bump into the rock wall.
Sigmund gestures at you while chanting. The magic dart hits you!
Sigmund mumbles some strange words.
Sigmund flickers and vanishes!
Deactivating autopickup; reactivate with Ctrl-A.
You bump into the rock wall.
You're too confused to move!
Something hits you. Something burns you.
You're too confused to move!
You feel less confused. Something hits you. Something burns you.
A puff of flame appears from out of thin air!
The puff of flame hits you!
* * * LOW HITPOINT WARNING * * *
A magic dart appears from out of thin air!
The magic dart hits you!
You die...

▒▒▒▒▒▒▒▒▒▒·▒
▒····{·····▒
▒▒·▒▒▒▒▒▒▒▒▒
▒·▒ ▒▒▒▒▒▒▒▒▒
▒·▒ ▒·······▒
▒·▒ ▒·······▒
▒·▒ ▒·······▒
▒·▒ ▒·······▒
▒@▒ ▒·······▒
▒▒·▒▒▒▒·······▒
▒········<····▒
▒▒▒▒▒▒▒▒▒▒▒▒▒▒▒


There were no monsters in sight!

Vanquished Creatures
  An ooze (D:1)
  A leopard gecko (D:1)
  A giant cockroach (D:1)
  2 hobgoblins (D:1)
  2 jackals (D:1)
  A quokka (D:2)
  5 bats
  A frilled lizard (D:1)
  7 goblins
  6 kobolds
27 creatures vanquished.

Notes
Turn   | Place    | Note
-------+----------+-------------------------------------------
     0 | D:1      | Azzok the Demonspawn Fire Elementalist began the quest for
                  | the Orb.
     0 | D:1      | Reached XP level 1. HP: 13/13 MP: 3/3
   297 | D:1      | Gained mutation: You have a pair of small horns on your
                  | head. [demonic ancestry]
   297 | D:1      | Reached XP level 2. HP: 7/19 MP: 0/5
   687 | D:1      | Reached skill level 3 in Fire Magic
  1675 | D:2      | Reached XP level 3. HP: 22/24 MP: 3/6
  1823 | D:2      | Noticed Sigmund
  1840 | D:1      | Learned a level 3 spell: Conjure Flame
  1938 | D:2      | Killed from afar by Sigmund

Vault maps used:
D:1:      lightli_arrival_isolated_outpost
D:2:      nicolae_overflow_hidden_temple, marbit_many_paths, uniq_sigmund

Skill      XL: |  1  2  3 |
---------------+----------+-----
Fire Magic     | 3 |  3.1
Conjurations   | 2 |  2.0
Dodging        | |  1.7
Stealth        | |  1.7
Spellcasting   | |  2.5

Action                   || total
-------------------------++-------
Melee: Unarmed           ||     6
       Short sword       ||     7
       Headbutt          ||     4
       Dagger            ||    19
 Cast: Flame Tongue      ||    40
 Stab: Sleeping          ||     1
  Eat: Chunk             ||     4
Armor: Robe              ||     7
Dodge: Dodged            ||    57

Table legend:
 A = Non-vault XP
 B = Vault XP
 C = Vault XP percentage of total XP
 D = Non-vault monster count
 E = Vault monster count
 F = Vault count percentage of total count
                 A         B        C        D         E       F
            +---------+---------+-------+---------+---------+-------
      Total |      52 |       0 |   0.0 |      27 |       0 |   0.0
            +---------+---------+-------+---------+---------+-------
        D:1 |      40 |       0 |   0.0 |      20 |       0 |   0.0
        D:2 |      12 |       0 |   0.0 |       7 |       0 |   0.0
            +---------+---------+-------+---------+---------+-------
